 Dungeon Crawl Stone Soup version 0.29.1-2-gbd0b4ee654 (webtiles) character file.

Game seed: 818619401062643120

94 GorkyZ the Trooper (level 4, -1/36 HPs)
             Began as a Demonspawn Fighter on Nov 19, 2022.
             Was an Initiate of Gozag.
             Slain by a gnoll
             ... wielding a +0 club
              (3 damage)
             ... on level 2 of the Dungeon.
             The game lasted 00:03:30 (2266 turns).

GorkyZ the Trooper (Demonspawn Fighter)             Turns: 2266, Time: 00:03:31

Health: -1/36      AC:  6    Str: 16    XL:     4   Next: 38%
Magic:  4/4        EV:  8    Int: 10    God:    Gozag
Gold:   317        SH:  5    Dex: 14    Spells: 3/3 levels left

rFire   . . .      SeeInvis .   a - +0 long sword
rCold   . . .      Faith    .   c - +0 buckler
rNeg    . . .      Spirit   .   b - +0 scale mail
rPois   .          Reflect  .   (no helmet)
rElec   .          Harm     .   (no cloak)
rCorr   .          Rampage  .   (no gloves)
Will    .....                   (no boots)
Stlth   ..........              (no amulet)
HPRegen 0.12/turn               (no ring)
MPRegen 0.09/turn               (no ring)

@: gold aura
A: hooves 1
a: Renounce Religion, Potion Petition, Call Merchant, Bribe Branch


You were on level 2 of the Dungeon.
You worshipped Gozag.
Gozag was aware of your devotion.
You visited 1 branch of the dungeon, and saw 2 of its levels.

You collected 317 gold pieces.

Inventory:

Hand Weapons
 a - a +0 long sword (weapon)
Armour
 b - a +0 scale mail (worn)
 c - a +0 buckler (worn)
Wands
 o - a wand of acid (10)
Scrolls
 e - a scroll of enchant weapon {unknown}
 g - a scroll of brand weapon {unknown}
 i - 4 scrolls of identify {unknown}
 m - a scroll of poison {unknown}
 p - a scroll of summoning {unknown}
 q - a scroll of amnesia {unknown}
Potions
 d - 2 potions of might
 f - a potion of heal wounds {unknown}
 h - 2 potions of mutation {unknown}
 j - a potion of attraction {unknown}
 k - 2 potions of curing {unknown}
 l - a potion of haste {unknown}
 n - 2 potions of lignification {unknown}


   Skills:
 + Level 3.6 Fighting
 + Level 2.6 Long Blades
 + Level 3.3 Armour
 + Level 3.3 Shields
 + Level 0.0 Evocations


You had 3 spell levels left.
You didn't know any spells.
Your spell library contained the following spells:

 Spells                   Type           Power      Damage    Failure   Level
 Necrotise                Necr           0%         1d4       87%         1
 Vampiric Draining        Necr           0%         2d6       99%         3
 Agony                    Necr           0%         N/A       100%        5


Dungeon Overview and Level Annotations

Branches:
Dungeon (2/15)

Altars:
Gozag

Shops:
D:2 *


Innate Abilities, Weirdness & Mutations

You have large cloven feet.


Message History

No target in view!
No target in view!
No target in view!
No target in view!
You now have 307 gold pieces (gained 5).
You open the door.
There is an open door here.
There is an open door here.
There is a stone staircase leading down here.
There is a stone staircase leading down here.
q - a scroll labelled OGEGIU TEKK You see here 4 stones.
You now have 317 gold pieces (gained 10).
A gnoll comes into view. It is wielding a +0 club.
The gnoll shouts!
A gnoll comes into view. It is wielding a +0 flail.
A gnoll comes into view. It is wielding a +0 whip.
A gnoll comes into view. It is wielding a +0 spear.
Found Lafew's Assorted Antiques.
The gnoll shouts!
The gnoll attacks as you move away! The gnoll hits you with a +0 club!
You barely miss the gnoll. You kick the gnoll, but do no damage.
You hit the gnoll.
The gnoll is moderately wounded.
The gnoll hits you with a +0 club. The gnoll hits you with a +0 flail.
The gnoll hits you with a +0 club. The gnoll hits you with a +0 flail.
You hit the gnoll.
The gnoll is heavily wounded.
The gnoll hits you but does no damage. The gnoll hits you with a +0 flail!
* * * LOW HITPOINT WARNING * * *
You hit the gnoll. You kick the gnoll.
The gnoll is severely wounded.
The gnoll hits you with a +0 club.
* * * LOW HITPOINT WARNING * * *
You block the gnoll's attack.
You slash the gnoll!
You kill the gnoll!
The gnoll hits you with a +0 club.
You die...
Your body crumbles into a pile of gold.

####..##..##.#.###.##
#......##.#..#..##
#...#.###.##......
##)..#.# #.##......
#...##.# #.###..##.
.....##.# #.# ##..#.
#########.....# #.# #....
#.....# #....## #.# #....
..≈§§.. #@g..# #.# #....
.≈≈≈≈≈.##$#### #.# #....
∩≈≈≈≈≈..gg# ##.####...#
.≈≈≈≈≈.#.## #..........
.§≈≈≈g.#.## ##..###..##.
#g....#...#####...........
########........#......###
#.(..###.##.##......
##..### #..#..#...###


You could see 3 gnolls.

Vanquished Creatures
  A gnoll (D:2)
  3 adders (D:2)
  3 dart slugs
  An orc (D:2)
  7 ball pythons
  4 endoplasms
  3 giant cockroaches
  7 goblins
  7 hobgoblins
  5 jackals (D:2)
  4 kobolds
  A quokka (D:2)
  4 bats
  A frilled lizard (D:2)
  3 rats
54 creatures vanquished.

Vanquished Creatures (others)
  2 plants (D:1)
2 creatures vanquished.

Grand Total: 56 creatures vanquished

Notes
Turn   | Place    | Note
-------+----------+-------------------------------------------
     0 | D:1      | GorkyZ the Demonspawn Fighter began the quest for the Orb.
     0 | D:1      | Reached XP level 1. HP: 18/18 MP: 1/1
   212 | D:1      | Gained mutation: You have large cloven feet. [demonic
                  | ancestry]
   212 | D:1      | Reached XP level 2. HP: 21/24 MP: 2/2
   547 | D:1      | Found a faded altar of an unknown god.
   567 | D:1      | Prayed at the altar of an unknown god.
   567 | D:1      | Became a worshipper of Gozag Ym Sagoz the Greedy
   919 | D:1      | Reached XP level 3. HP: 28/29 MP: 3/3
  1668 | D:2      | Reached XP level 4. HP: 35/35 MP: 4/4
  2255 | D:2      | Found Lafew's Assorted Antiques.
  2266 | D:2      | Slain by a gnoll

Illustrated notes

Levels and vault maps discovered:
D:1:      lemuel_arrival_rhombus, layout_basic, serial_forest,
          infiniplex_forest_corner_1, infiniplex_forest_clump_small,
          infiniplex_forest_clump_tiny, infiniplex_forest_straight_2,
          infiniplex_forest_clump_large, infiniplex_forest_lined_ring,
          infiniplex_forest_lined_3,
          hellmonk_ecumenical_altar_pennies_from_heaven, grunt_decor_fettered
D:2:      minmay_chambers_of_twos, layout_rooms, serial_shops,
          nicolae_lakefront_shop, minmay_small_reverse_x

Skill      XL: |  1  2 |
---------------+-------+-----
Long Blades    | 2 |  2.6
Shields        | 3 |  3.3
Armour         | 3 |  3.3
Fighting       | |  3.6

Action                   |  1- 3 |  4- 6 || total
-------------------------+-------+-------++-------
Melee: Long sword        |   109 |    37 ||   146
       Kick              |    14 |    11 ||    25
Armor: Scale mail        |    58 |    16 ||    74
Dodge: Dodged            |    58 |    15 ||    73
Block: Buckler           |    21 |     6 ||    27
